[Event "Titled Tuesday Blitz October 25 Early 2022"]
[White "Shandrygin, Nikita"]
[Black "Andreikin, Dmitry"]
[WhiteFideId "24198668"]
[BlackFideId "4158814"]
[WhiteElo "2323"]
[BlackElo "2736"]
[Result "1-0"]
[Round "01"]
[TimeControl "180+1"]
[Date "2022.10.25"]
[WhiteClock "0:00:03"]
[BlackClock "0:00:26"]

1. e4 c5 2. Nf3 e6 3. d4 cxd4 4. Nxd4 Nc6 5. Nc3 a6 6. Be2 Qc7 7. O-O Nf6 8. Be3 Be7 9. f4 O-O 10. e5 Ne8 11. Nxc6 bxc6 12. Ne4 d5 13. exd6 Nxd6 14. Nxd6 Bxd6 15. Bd3 e5 16. Qh5 f5 17. fxe5 Bxe5 18. c3 Be6 19. Bxf5 Rxf5 20. Rxf5 g6 21. Rxe5 gxh5 22. Rxe6 Qd7 23. Re5 h6 24. Re1 Re8 25. Bd4 Rxe5 26. Rxe5 Qf7 27. b3 Qf4 28. h3 h4 29. b4 Kf7 30. Re2 Qg3 31. Rf2+ Ke6 32. Rf3 Qe1+ 33. Kh2 Kd5 34. Re3 Qd2 35. a4 Kc4 36. a5 Qf2 37. Re5 Qg3+ 38. Kg1 Qg6 39. Re3 Kb3 40. Re5 Kc2 41. Re2+ Kd3 42. Re3+ Kd2 43. Re5 Qg3 44. Kh1 Kc2 45. Kg1 Kd1 46. Kh1 Qf4 47. Kg1 Kc2 48. Re2+ Kd3 49. Rf2 Qe4 50. Rf3+ Kc4 51. Rf2 c5 52. bxc5 Kb5 53. Rf6 Kxa5 54. c6 Qe1+ 55. Kh2 Qg3+ 56. Kg1 Kb5 57. Rxh6 a5 58. c4+ Kxc4 59. Bf2 Qf4 60. Rxh4 1-0


[Site "https://www.chess.com"]

[Event "Titled Tuesday Blitz October 25 Early 2022"]
[White "Shankland, Sam"]
[Black "Miszler, Levente"]
[WhiteFideId "2004887"]
[BlackFideId "763276"]
[WhiteElo "2612"]
[BlackElo "2176"]
[Result "1-0"]
[Round "01"]
[TimeControl "180+1"]
[Date "2022.10.25"]
[WhiteClock "0:02:11"]
[BlackClock "0:00:44"]

1. d4 Nf6 2. c4 e6 3. Nf3 d5 4. Nc3 Ne4 5. e3 c6 6. Bd3 f5 7. O-O Bd6 8. Ne2 O-O 9. Ne5 Nd7 10. f3 Bxe5 11. dxe5 Nec5 12. f4 Nxd3 13. Qxd3 Nc5 14. Qc2 Ne4 15. b3 Kh8 16. Nc3 g5 17. cxd5 cxd5 18. Ba3 Rg8 19. Nxe4 fxe4 20. f5 exf5 21. e6 Bxe6 22. Bb2+ Rg7 23. Qc3 Qe7 24. Rac1 Rg8 25. Qe5 h6 26. Rc7 Qf8 27. Qxe6 Kh7 28. Bxg7 Rxg7 29. Rxf5 Qb4 30. Rxg7+ Kxg7 31. Rf7+ 1-0


[Site "https://www.chess.com"]

[Event "Titled Tuesday Blitz October 25 Early 2022"]
[White "Stepanencu, Nicodim-Cosmin"]
[Black "Chigaev, Maksim"]
[WhiteFideId "1256220"]
[BlackFideId "4108116"]
[WhiteElo "2185"]
[BlackElo "2537"]
[Result "1-0"]
[Round "01"]
[TimeControl "180+1"]
[Date "2022.10.25"]
[WhiteClock "0:00:02"]
[BlackClock "0:00:11"]

1. d4 Nf6 2. c4 e6 3. Nc3 Bb4 4. e3 c5 5. a3 Bxc3+ 6. bxc3 Nc6 7. Bd3 b6 8. Nf3 Ba6 9. O-O d6 10. Nd2 O-O 11. Bb2 d5 12. Qe2 Rc8 13. cxd5 Bxd3 14. Qxd3 exd5 15. dxc5 bxc5 16. c4 dxc4 17. Qxd8 Rfxd8 18. Nxc4 Nd5 19. Rfd1 Nb6 20. Nd6 Rb8 21. Rac1 Na4 22. Ba1 f6 23. h3 Na5 24. Ne4 Nb3 25. Rb1 c4 26. Nc3 Nac5 27. Ne2 a5 28. Bc3 a4 29. Nd4 Ne4 30. Bb4 Rbc8 31. f3 c3 32. fxe4 Rxd4 33. exd4 c2 34. d5 Kf7 35. Kf2 Rc4 36. Ke3 Ke8 37. Rbc1 cxd1=Q 38. Rxd1 Kd7 39. Kd3 Rc8 40. Ke3 Rc2 41. Rg1 h5 42. Kf4 Ke8 43. Kf5 Kf7 44. Kf4 g5+ 45. Ke3 h4 46. Kd3 Rc8 47. Ke3 Kg6 48. Kd3 f5 49. e5 Rd8 50. d6 1-0


[Site "https://www.chess.com"]

[Event "Titled Tuesday Blitz October 25 Early 2022"]
[White "Svane, Rasmus"]
[Black "Chizhikov, Vladislav"]
[WhiteFideId "4657101"]
[BlackFideId "4178157"]
[WhiteElo "2674"]
[BlackElo "2179"]
[Result "1-0"]
[Round "01"]
[TimeControl "180+1"]
[Date "2022.10.25"]
[WhiteClock "0:01:52"]
[BlackClock "0:01:18"]

1. Nf3 c5 2. c4 Nc6 3. Nc3 g6 4. e3 Bg7 5. d4 cxd4 6. exd4 d6 7. Be2 Bg4 8. O-O Bxf3 9. Bxf3 Nxd4 10. Bxb7 Rb8 11. Be4 Nf5 12. Qa4+ Kf8 13. Qxa7 Nf6 14. Bxf5 gxf5 15. a4 Rb4 16. a5 Rxc4 17. a6 Ne4 18. Nxe4 fxe4 19. Qb7 Rc8 20. a7 Ra8 21. Be3 Be5 22. Bh6+ Bg7 23. Bg5 Bf6 24. Bxf6 exf6 25. Qxe4 Kg7 26. Qg4+ Kh6 27. Ra3 1-0


[Site "https://www.chess.com"]

[Event "Titled Tuesday Blitz October 25 Early 2022"]
[White "Toncheva, Nadya"]
[Black "Deac, Bogdan-Daniel"]
[WhiteFideId "2924056"]
[BlackFideId "1226380"]
[WhiteElo "2101"]
[BlackElo "2648"]
[Result "0-1"]
[Round "01"]
[TimeControl "180+1"]
[Date "2022.10.25"]
[WhiteClock "0:00:27"]
[BlackClock "0:01:05"]

1. e4 c6 2. d4 d5 3. Nc3 a6 4. Nf3 Bg4 5. h3 Bh5 6. Be3 e6 7. Bd3 Nf6 8. e5 Nfd7 9. Ne2 Bxf3 10. gxf3 c5 11. c3 Nc6 12. Rg1 g6 13. Bg5 Be7 14. Bxe7 Qxe7 15. Qd2 cxd4 16. cxd4 Qh4 17. Qg5 Nxd4 18. Qe3 Nxe5 19. Rg4 Ndxf3+ 20. Kd1 Nxg4 21. hxg4 Qh1+ 0-1


[Site "https://www.chess.com"]

[Event "Titled Tuesday Blitz October 25 Early 2022"]
[White "Vasquez Schroeder, Rodrigo"]
[Black "Thorhallsson, Simon"]
[WhiteFideId "3400042"]
[BlackFideId "2310090"]
[WhiteElo "2577"]
[BlackElo "2109"]
[Result "0-1"]
[Round "01"]
[TimeControl "180+1"]
[Date "2022.10.25"]
[WhiteClock "0:01:51"]
[BlackClock "0:00:32"]

1. e4 c5 2. Nf3 e6 3. d4 cxd4 4. Nxd4 a6 5. Bd3 Nf6 6. O-O Bc5 7. Nb3 Ba7 8. e5 Nd5 9. Qg4 Ne7 10. Qxg7 Rg8 11. Qxh7 b5 12. Nc3 Bb7 13. Be4 Nbc6 14. Be3 Qc7 15. Bxa7 Rxa7 16. f4 b4 17. Na4 Na5 18. Nxa5 Qxa5 19. b3 Bxe4 20. Qxe4 Rc7 21. a3 bxa3 22. Rxa3 Qd2 23. c4 d5 24. exd6 Qxd6 25. Ra2 Kf8 26. Qe5 Qc6 27. Rd2 Rd7 28. Rxd7 Qxg2# 0-1


[Site "https://www.chess.com"]

[Event "Titled Tuesday Blitz October 25 Early 2022"]
[White "Wirig, Anthony"]
[Black "Ronka, Erik"]
[WhiteFideId "615013"]
[BlackFideId "505080"]
[WhiteElo "2474"]
[BlackElo "2264"]
[Result "1-0"]
[Round "01"]
[TimeControl "180+1"]
[Date "2022.10.25"]
[WhiteClock "0:00:03"]
[BlackClock "0:00:03"]

1. d4 d5 2. Nf3 Nf6 3. c4 c6 4. Qc2 dxc4 5. e4 b5 6. b3 cxb3 7. axb3 e6 8. Bd2 a5 9. Bd3 Be7 10. O-O h6 11. Rc1 O-O 12. Nc3 Bb7 13. e5 Nd5 14. Nxd5 cxd5 15. Bxb5 Qb6 16. Bd3 Nc6 17. Bc3 Nb4 18. Bxb4 Bxb4 19. h4 Rfc8 20. Qe2 Bc3 21. Ra4 Qxb3 22. Bc2 Qb6 23. Qd3 g6 24. h5 Ba6 25. Qe3 Kg7 26. Bxg6 fxg6 27. Rxc3 Bb5 28. Ra1 Rxc3 29. Qxc3 Qc6 30. Qd2 g5 31. Nxg5 hxg5 32. Qxg5+ Kh8 33. Qf6+ Kh7 34. Qf7+ Kh8 35. Qf6+ Kh7 36. Qg6+ Kh8 37. Qh6+ Kg8 38. Ra3 Kf7 39. Rf3+ Ke8 40. Rf8+ Kd7 41. Qg7# 1-0


[Site "https://www.chess.com"]

[Event "Titled Tuesday Blitz October 25 Early 2022"]
[White "Yaniuk, Volodymyr"]
[Black "Keymer, Vincent"]
[WhiteFideId "14133083"]
[BlackFideId "12940690"]
[WhiteElo "2141"]
[BlackElo "2600"]
[Result "0-1"]
[Round "01"]
[TimeControl "180+1"]
[Date "2022.10.25"]
[WhiteClock "0:00:31"]
[BlackClock "0:00:48"]

1. d4 Nf6 2. c4 e6 3. g3 Bb4+ 4. Bd2 Be7 5. Bg2 d5 6. Qc2 c6 7. Nf3 Nbd7 8. O-O O-O 9. Bf4 a5 10. a4 h6 11. Ne5 Nxe5 12. Bxe5 Qb6 13. Nd2 Nd7 14. Bf4 Qxd4 15. e4 Qc5 16. exd5 cxd5 17. Rfc1 e5 18. Be3 d4 19. Ne4 Qc7 20. Bd2 f5 21. c5 fxe4 22. Bxe4 Nf6 23. Bg2 Be6 24. b4 axb4 25. Bxb4 Bd5 26. Bh3 Qc6 27. Bd2 Ne4 28. Be1 Ng5 29. Bg4 Bh1 30. f4 exf4 31. gxf4 Rxf4 32. h3 Raf8 33. Bg3 d3 34. Qb3+ Kh8 35. Qb2 Rf2 0-1


[Site "https://www.chess.com"]

[Event "Titled Tuesday Blitz October 25 Early 2022"]
[White "Zhigalko, Sergei"]
[Black "Przybylski, Wojciech"]
[WhiteFideId "13502956"]
[BlackFideId "1117599"]
[WhiteElo "2662"]
[BlackElo "2221"]
[Result "1-0"]
[Round "01"]
[TimeControl "180+1"]
[Date "2022.10.25"]
[WhiteClock "0:00:05"]
[BlackClock "0:00:06"]

1. e4 e5 2. Nf3 Nf6 3. d4 Nxe4 4. Bd3 d5 5. Nxe5 Nd7 6. Nxd7 Bxd7 7. O-O Bd6 8. Nc3 Nxc3 9. bxc3 Be6 10. Re1 O-O 11. Qf3 Qh4 12. h3 Rae8 13. Bd2 c6 14. a4 Bd7 15. Rab1 b6 16. Re3 Rxe3 17. Bxe3 Re8 18. c4 Be6 19. cxd5 Bxd5 20. Qg4 Qxg4 21. hxg4 h6 22. Kf1 Kf8 23. c4 Be4 24. Rb3 f6 25. Bxe4 Rxe4 26. f3 Re8 27. Kf2 Kf7 28. a5 Bc7 29. axb6 axb6 30. Ra3 Re7 31. Ra8 Rd7 32. Ra6 Kg6 33. Ke2 h5 34. gxh5+ Kxh5 35. Kd3 f5 36. Ra7 g5 37. d5 c5 38. Kc2 Re7 39. Bd2 Bd6 40. Rxe7 Bxe7 41. Kd3 Kg6 42. g4 Bd6 43. Bc3 fxg4 44. fxg4 Kf7 45. Ke4 Be7 46. Kf5 Bd8 47. Bd2 1-0


[Site "https://www.chess.com"]

[Event "Titled Tuesday Blitz October 25 Early 2022"]
[White "Aizpurua, Patrick Emilio"]
[Black "Svane, Rasmus"]
[WhiteFideId "6600522"]
[BlackFideId "4657101"]
[WhiteElo "2378"]
[BlackElo "2674"]
[Result "0-1"]
[Round "02"]
[TimeControl "180+1"]
[Date "2022.10.25"]
[WhiteClock "0:00:11"]
[BlackClock "0:00:10"]

1. d4 d5 2. Nf3 e6 3. c4 a6 4. e3 Nf6 5. Nc3 dxc4 6. Bxc4 b5 7. Bd3 Bb7 8. O-O Nbd7 9. Qe2 c5 10. dxc5 Nxc5 11. Bc2 Qc7 12. Bd2 Be7 13. Rac1 Qb8 14. b4 Ncd7 15. a4 Bxb4 16. axb5 a5 17. e4 O-O 18. Nb1 Ne5 19. Bf4 Bd6 20. Nxe5 Bxe5 21. Bxe5 Qxe5 22. Nd2 a4 23. Nf3 Qf4 24. Rfe1 a3 25. Ra1 Rfc8 26. Bd3 h6 27. h3 Rc3 28. Bb1 Qc7 29. Nd2 Qc5 30. e5 Qd5 31. Ne4 Nxe4 32. Bxe4 Qxe4 33. Qxe4 Bxe4 34. Rxe4 Rb3 35. Re3 Rxe3 36. fxe3 Rb8 37. Rxa3 Rxb5 38. Ra8+ Kh7 39. Ra7 Kg6 40. Kf2 Rxe5 41. g3 Rf5+ 42. Ke2 Kf6 43. Rb7 g5 44. Ra7 Rb5 45. Kf3 Rb1 46. Ra8 Rb2 47. Rc8 Rh2 48. Kg4 Kg6 49. Rg8+ Kh7 50. Rf8 f5+ 51. Kf3 Rxh3 52. Re8 Rh1 53. Rxe6 Kg7 54. Ra6 Rf1+ 55. Kg2 Rb1 56. Kf2 Rd1 57. Ra2 Rd5 58. Kf3 Kg6 59. e4 Rd3+ 60. Kg2 fxe4 61. Ra6+ Kh5 62. Re6 Re3 63. Kh3 g4+ 64. Kg2 Kg5 65. Re5+ Kf6 66. Re8 h5 67. Rh8 Kg6 68. Re8 Re2+ 69. Kf1 Re3 70. Kf2 Rf3+ 71. Kg2 e3 72. Re4 Kf5 73. Re8 Kf6 74. Re4 Kf5 75. Re8 Rf2+ 76. Kg1 Re2 77. Kf1 Rf2+ 78. Kg1 Kg5 79. Rxe3 Rf3 80. Re5+ Kg6 81. Kg2 Rf5 82. Re6+ Kg5 83. Re2 Rb5 84. Rc2 Rb3 85. Rd2 Rb5 86. Rc2 Kf5 87. Rd2 Ke4 88. Rf2 Ke3 89. Ra2 Rd5 90. Ra3+ Rd3 91. Ra5 Rd2+ 92. Kg1 Kf3 93. Rxh5 Kxg3 94. Kf1 Rd1+ 95. Ke2 Rg1 96. Rh8 Kg2 97. Rh7 g3 98. Rh8 Ra1 99. Rh7 Ra8 100. Rh8 Rxh8 0-1


[Site "https://www.chess.com"]

[Event "Titled Tuesday Blitz October 25 Early 2022"]
[White "Al-Tarboush, Ward"]
[Black "Kollars, Dmitrij"]
[WhiteFideId "7601450"]
[BlackFideId "12909572"]
[WhiteElo "2269"]
[BlackElo "2584"]
[Result "0-1"]
[Round "02"]
[TimeControl "180+1"]
[Date "2022.10.25"]
[WhiteClock "0:00:06"]
[BlackClock "0:00:29"]

1. e4 c6 2. Nf3 d5 3. Nc3 dxe4 4. Nxe4 Nf6 5. Nxf6+ exf6 6. Bc4 Bd6 7. Qe2+ Qe7 8. Qxe7+ Kxe7 9. O-O Be6 10. Re1 Re8 11. Nd4 Kd7 12. Nxe6 fxe6 13. d4 a5 14. a4 Na6 15. c3 Nc7 16. Bd3 g6 17. Bd2 b5 18. axb5 cxb5 19. c4 bxc4 20. Bxc4 Bb4 21. Bc3 Kd6 22. Ra4 Bxc3 23. bxc3 Nd5 24. Bxd5 exd5 25. Rxe8 Rxe8 26. Kf1 Ra8 27. Ke2 Kc6 28. Kd3 Kb5 29. Ra1 a4 30. Rb1+ Kc6 31. Kc2 Re8 32. Kd2 Re7 33. Ra1 Kb5 34. Rb1+ Kc6 35. Ra1 Ra7 36. Kc2 h5 37. Kb2 Rb7+ 38. Kc2 Ra7 39. Kb2 h4 40. Re1 Kd6 41. Re8 Rb7+ 42. Ka2 Rb3 43. Rc8 g5 44. h3 Rb7 45. Rd8+ Ke6 46. Ra8 Rb3 47. Rc8 Kf5 48. g3 hxg3 49. fxg3 Ke4 50. h4 gxh4 51. gxh4 f5 52. h5 Rb6 53. Re8+ Kf3 54. Re5 f4 55. Rxd5 Kg4 56. Rd8 f3 57. Rf8 Rh6 58. d5 Rxh5 59. d6 Rd5 60. Ka3 Rxd6 61. Kxa4 Rd5 62. Kb4 Rf5 63. Rg8+ Kf4 64. Rg1 f2 65. Rf1 Ke3 66. c4 Ke2 67. Rxf2+ Kxf2 68. c5 Ke3 69. c6 Kd4 70. c7 Rf8 71. Kb5 Kd5 72. Kb6 Kd6 0-1


[Site "https://www.chess.com"]

[Event "Titled Tuesday Blitz October 25 Early 2022"]
[White "Bacrot, Etienne"]
[Black "Migot, Tangi"]
[WhiteFideId "605506"]
[BlackFideId "662445"]
[WhiteElo "2666"]
[BlackElo "2606"]
[Result "1-0"]
[Round "02"]
[TimeControl "180+1"]
[Date "2022.10.25"]
[WhiteClock "0:00:43"]
[BlackClock "0:00:17"]

1. e4 c5 2. Nf3 a6 3. c4 d6 4. Nc3 Bg4 5. d4 Bxf3 6. gxf3 Nc6 7. d5 Nd4 8. Be3 Qb6 9. Rb1 e5 10. dxe6 fxe6 11. Bh3 e5 12. Nd5 Qd8 13. b4 Rb8 14. bxc5 dxc5 15. f4 Qh4 16. Bxd4 cxd4 17. Qa4+ b5 18. cxb5 axb5 19. Rxb5 Rxb5 20. Qxb5+ Kf7 21. Qd7+ Be7 22. Qf5+ Nf6 23. Qe6+ Kg6 24. Nxe7+ Kh6 25. Nf5+ 1-0


[Site "https://www.chess.com"]

[Event "Titled Tuesday Blitz October 25 Early 2022"]
[White "Chernobay, Artem"]
[Black "Shankland, Sam"]
[WhiteFideId "4167406"]
[BlackFideId "2004887"]
[WhiteElo "2473"]
[BlackElo "2612"]
[Result "0-1"]
[Round "02"]
[TimeControl "180+1"]
[Date "2022.10.25"]
[WhiteClock "0:00:06"]
[BlackClock "0:00:29"]

1. e4 c5 2. Nf3 d6 3. d4 cxd4 4. Nxd4 Nf6 5. Nc3 Nc6 6. Bg5 e6 7. Qd2 a6 8. O-O-O Bd7 9. f4 Be7 10. Be2 b5 11. Bf3 Rc8 12. Kb1 b4 13. Nce2 Nxd4 14. Nxd4 a5 15. e5 dxe5 16. fxe5 Ne4 17. Bxe4 Bxg5 18. Qe2 O-O 19. h4 Bh6 20. g4 g6 21. g5 Bg7 22. h5 Qxg5 23. Nf3 Qe7 24. Qh2 h6 25. hxg6 fxg6 26. Nh4 g5 27. Ng6 Qf7 28. Nxf8 Rxf8 29. Qe2 Qe7 30. Rhf1 Be8 31. Bd3 h5 32. Qe4 Bh8 33. Rxf8+ Kxf8 34. Bc4 g4 35. Rd6 Bf7 36. Qf4 Kg8 37. Ra6 Qd8 38. b3 Bg7 39. Ra7 Bg6 40. Bxe6+ Kh8 41. Qf1 Bxe5 42. Rd7 Qf6 0-1


[Site "https://www.chess.com"]

[Event "Titled Tuesday Blitz October 25 Early 2022"]
[White "Colas, Joshua"]
[Black "Paravyan, David"]
[WhiteFideId "2044447"]
[BlackFideId "4194985"]
[WhiteElo "2347"]
[BlackElo "2555"]
[Result "0-1"]
[Round "02"]
[TimeControl "180+1"]
[Date "2022.10.25"]
[WhiteClock "0:00:03"]
[BlackClock "0:01:34"]

1. Nf3 Nf6 2. c4 g6 3. b3 Bg7 4. Bb2 d6 5. d4 O-O 6. g3 e5 7. dxe5 dxe5 8. Qxd8 Rxd8 9. Nxe5 Na6 10. Nd3 Bf5 11. Na3 Bxd3 12. exd3 Re8+ 13. Kd2 Ne4+ 14. Kc1 Nxf2 15. Bxg7 Kxg7 16. Rg1 Rad8 17. Nc2 Nxd3+ 18. Bxd3 Rxd3 19. Re1 Red8 20. Re7 Kf6 21. Re2 Nc5 22. Kb2 Rd2 23. Rf1+ Kg7 24. Re7 Rf8 25. Rxc7 b6 26. Rxa7 Rxh2 27. Kb1 Ne4 28. Rd7 Nd2+ 29. Rxd2 Rxd2 30. Ne3 Re8 31. Nd5 Ree2 32. Nxb6 Rb2+ 33. Kc1 Rxa2 34. c5 Ra1# 0-1


[Site "https://www.chess.com"]

[Event "Titled Tuesday Blitz October 25 Early 2022"]
[White "Deac, Bogdan-Daniel"]
[Black "Ovchinnikov, Vsevolod"]
[WhiteFideId "1226380"]
[BlackFideId "24176842"]
[WhiteElo "2648"]
[BlackElo "2376"]
[Result "1-0"]
[Round "02"]
[TimeControl "180+1"]
[Date "2022.10.25"]
[WhiteClock "0:00:16"]
[BlackClock "0:00:04"]

1. Nf3 Nf6 2. g3 g6 3. b3 d5 4. Bb2 Bg7 5. c4 e6 6. Bg2 O-O 7. O-O b6 8. cxd5 exd5 9. d4 Re8 10. Nc3 Bb7 11. Rc1 c6 12. Ne5 Nfd7 13. f4 Nf8 14. f5 f6 15. Nd3 Bh6 16. fxg6 Be3+ 17. Nf2 hxg6 18. Kh1 Nbd7 19. Ng4 Bxc1 20. Bxc1 Nh7 21. e4 Ndf8 22. e5 f5 23. Nh6+ Kg7 24. g4 Bc8 25. gxf5 Bxf5 26. Rxf5 gxf5 27. Qh5 Qd7 28. Bh3 Re6 29. Bxf5 Rae8 30. Qg4+ Ng6 31. Ne2 Qe7 32. Nf4 Nf8 33. Nxe6+ Qxe6 34. Bxe6 Rxe6 35. Qf5 1-0


[Site "https://www.chess.com"]

[Event "Titled Tuesday Blitz October 25 Early 2022"]
[White "Domingo Nunez, Ruben"]
[Black "Zhigalko, Sergei"]
[WhiteFideId "22245570"]
[BlackFideId "13502956"]
[WhiteElo "2406"]
[BlackElo "2662"]
[Result "0-1"]
[Round "02"]
[TimeControl "180+1"]
[Date "2022.10.25"]
[WhiteClock "0:00:12"]
[BlackClock "0:00:05"]

1. c4 e5 2. Nc3 Nf6 3. Nf3 Nc6 4. g3 Bb4 5. Bg2 O-O 6. O-O Re8 7. d3 a5 8. Bg5 h6 9. Bxf6 Qxf6 10. Nd5 Qd8 11. Nxb4 axb4 12. Nd2 d6 13. a3 bxa3 14. Nb1 Bg4 15. h3 Be6 16. Nxa3 Qd7 17. Kh2 d5 18. b3 Ne7 19. Nb5 c6 20. Nc3 h5 21. Qc1 h4 22. g4 Rxa1 23. Qxa1 Ng6 24. Qa4 d4 25. Ne4 Qe7 26. c5 Nf4 27. Bf3 Bd5 28. Nd6 Bxf3 29. exf3 Rf8 30. Qc4 b5 31. Qc2 Qe6 32. Re1 Qd5 33. Re4 g6 34. Qd1 Ne6 35. b4 Ng5 36. Qd2 Nxf3+ 0-1


[Site "https://www.chess.com"]

[Event "Titled Tuesday Blitz October 25 Early 2022"]
[White "Ernst, Sipke"]
[Black "Bortnyk, Olexandr"]
[WhiteFideId "1004689"]
[BlackFideId "14120828"]
[WhiteElo "2438"]
[BlackElo "2723"]
[Result "1-0"]
[Round "02"]
[TimeControl "180+1"]
[Date "2022.10.25"]
[WhiteClock "0:00:08"]
[BlackClock "0:00:02"]

1. d4 d6 2. e4 Nf6 3. Nc3 Nbd7 4. Nf3 e5 5. Bc4 Be7 6. O-O c6 7. a4 h6 8. Re1 Qc7 9. a5 Nf8 10. b3 Ng6 11. Bf1 Bg4 12. Be3 O-O 13. h3 Be6 14. a6 b6 15. d5 cxd5 16. Nxd5 Bxd5 17. exd5 Rac8 18. Bb5 Ne4 19. Bc6 f5 20. Nd2 Nc3 21. Qh5 Rf6 22. Nc4 Rb8 23. Bd2 Ne4 24. Rxe4 fxe4 25. Na3 Bd8 26. Nb5 Qf7 27. Be3 Qe7 28. Ra4 Nf4 29. Qg4 Qf7 30. g3 Nxd5 31. Bxd5 Qxd5 32. Nxa7 Ra8 33. Nc8 b5 34. c4 Qd3 35. cxb5 Qxb3 36. Rxe4 Qxb5 37. a7 Qb7 38. Rb4 Qc7 39. Nb6 Rxa7 40. Nd5 Ra1+ 41. Kh2 Qc6 42. Qc4 Qxc4 43. Nxf6+ Bxf6 44. Rxc4 Kf7 45. g4 Ke6 46. Kg2 d5 47. Rc6+ Kd7 48. Rb6 d4 49. Bxh6 Ra2 50. Kf3 Bd8 51. Rb7+ Kc6 52. Rxg7 Ra3+ 53. Ke4 Rxh3 54. Rg6+ Kc5 55. Bf8+ Kc4 56. Rc6+ Kb5 57. Rd6 Bc7 58. Rd7 Kc6 59. Rf7 d3 60. Rf3 d2 61. Rxh3 d1=Q 62. Rc3+ Kd7 63. Rd3+ Qxd3+ 64. Kxd3 Ke6 65. Ke4 Bb6 66. f3 Bc7 67. Bb4 Bb8 68. Bd2 Bd6 69. Be3 Bf8 70. g5 Bg7 71. Bd2 Bh8 72. Bc3 Bg7 73. f4 exf4 74. Bxg7 f3 75. Bd4 1-0


[Site "https://www.chess.com"]

[Event "Titled Tuesday Blitz October 25 Early 2022"]
[White "Firouzja, Alireza"]
[Black "Mirzoev, Azer"]
[WhiteFideId "12573981"]
[BlackFideId "13400304"]
[WhiteElo "2903"]
[BlackElo "2525"]
[Result "1-0"]
[Round "02"]
[TimeControl "180+1"]
[Date "2022.10.25"]
[WhiteClock "0:00:14"]
[BlackClock "0:00:06"]

1. d4 Nf6 2. Bg5 d5 3. e3 e6 4. Nd2 h6 5. Bh4 Be7 6. Bd3 Nbd7 7. Ngf3 c5 8. c3 b6 9. O-O Bb7 10. Qb1 Qc7 11. b4 O-O 12. Bg3 Qc8 13. a4 a5 14. b5 Qd8 15. Rd1 Rc8 16. h3 cxd4 17. cxd4 Bb4 18. Ra2 Qe7 19. Bh4 Rc3 20. Ne5 Rfc8 21. Ndf3 Qf8 22. Nxd7 Nxd7 23. Rc2 Rxc2 24. Bxc2 Be7 25. Bg3 Bd6 26. Bf4 Bxf4 27. exf4 Nf6 28. Ne5 Qd6 29. Bd3 Rc7 30. Qb2 Kf8 31. Re1 Qb4 32. Qxb4+ axb4 33. Rb1 Rc3 34. Rxb4 Rc1+ 35. Kh2 Ra1 36. f3 Nh5 37. f5 exf5 38. Bxf5 Ke7 39. Bc2 Nf4 40. Nd3 Ne6 41. Kg3 Kd6 42. Kf2 Ra2 43. Ne1 g5 44. g3 Bc8 45. Ke3 Bd7 46. Bf5 Ra3+ 47. Kf2 Nf8 48. Bxd7 Kxd7 49. Ke2 Ne6 50. Nc2 Ra2 51. Kd2 Kd6 52. Kc3 f5 53. Kb3 1-0


[Site "https://www.chess.com"]

[Event "Titled Tuesday Blitz October 25 Early 2022"]
[White "Gabdrakhmanov, Azat"]
[Black "Pranav, V"]
[WhiteFideId "34189197"]
[BlackFideId "25060783"]
[WhiteElo "2233"]
[BlackElo "2430"]
[Result "1-0"]
[Round "02"]
[TimeControl "180+1"]
[Date "2022.10.25"]
[WhiteClock "0:00:14"]
[BlackClock "0:00:02"]

1. e4 g6 2. d4 Bg7 3. Nc3 d6 4. f4 Nc6 5. Be3 Nf6 6. Nf3 Ng4 7. Bg1 O-O 8. h3 Nf6 9. Qd2 Nh5 10. Bh2 Nf6 11. O-O-O d5 12. e5 Ne4 13. Nxe4 dxe4 14. Ng5 Bf5 15. d5 e3 16. Qc3 Nb8 17. g4 Bc8 18. Qxe3 c6 19. Bc4 Qa5 20. Qb3 cxd5 21. Bxd5 e6 22. Bc4 Nc6 23. Kb1 Rb8 24. Qc3 Qc7 25. Bb3 b5 26. Rd6 Qxd6 27. exd6 Bxc3 28. bxc3 Na5 29. f5 exf5 30. d7 Nxb3 31. axb3 Bxd7 32. Bxb8 Rxb8 33. Rd1 Rb7 34. Nf3 fxg4 35. Ne5 Be6 36. hxg4 Kg7 37. g5 h6 38. gxh6+ Kxh6 39. Nc6 Rd7 40. Rh1+ Kg7 41. Nd4 Bd5 42. Rd1 a6 43. Kb2 Re7 44. Ra1 Bb7 45. c4 Rd7 46. Kc3 b4+ 47. Kd3 f5 48. Ra5 Kf6 49. c5 Be4+ 50. Ke3 Bd5 51. Rxa6+ Kg5 52. c6 Re7+ 53. Kd2 f4 54. Ra5 f3 55. Nxf3+ Kf4 56. Rxd5 Kxf3 57. Rg5 Re6 58. c7 Rd6+ 59. Kc1 Rc6 60. Rxg6 Rxc7 61. Rb6 Ke3 62. Rxb4 Rc8 63. Rh4 Rc7 64. Kb2 Rc8 65. Rh6 Kd4 66. Rd6+ Kc5 67. Rd3 Kb4 68. c3+ Kc5 69. b4+ Kc4 70. Rd4+ Kb5 71. Kb3 Rf8 72. c4+ Kc6 73. b5+ Kb6 74. Kb4 Rf1 75. Rd6+ Kc7 76. Rh6 Rf5 77. c5 Rf1 78. Rh7+ Kc8 79. c6 Rc1 80. Ka5 1-0


[Site "https://www.chess.com"]

[Event "Titled Tuesday Blitz October 25 Early 2022"]
[White "Gilmanov, Mansur"]
[Black "Jones, Gawain C B"]
[WhiteFideId "4166868"]
[BlackFideId "409561"]
[WhiteElo "2377"]
[BlackElo "2657"]
[Result "0-1"]
[Round "02"]
[TimeControl "180+1"]
[Date "2022.10.25"]
[WhiteClock "0:00:08"]
[BlackClock "0:00:05"]

1. d4 Nf6 2. Bg5 g6 3. Nc3 d5 4. e3 Bg7 5. f4 Ne4 6. Nf3 Nxc3 7. bxc3 O-O 8. Be2 c5 9. O-O Bg4 10. Rb1 Qc7 11. dxc5 Qxc5 12. Rxb7 Qxe3+ 13. Kh1 Nc6 14. f5 Qxc3 15. fxg6 hxg6 16. Bxe7 Nxe7 17. Rxe7 Rae8 18. Rxe8 Rxe8 19. Bd3 Bh6 20. h3 Be6 21. Qe1 Qxe1 22. Rxe1 Kg7 23. Nd4 Bd7 24. Rxe8 Bxe8 25. g3 Bd7 26. Kg2 Be3 27. Nb3 Kf6 28. Kf3 Bb6 29. h4 a5 30. Nd2 a4 31. Nf1 Ke5 32. Ne3 Bd8 33. Nd1 Kd4 34. Be2 Bf5 35. c3+ Ke5 36. Nb2 Be4+ 37. Ke3 Bb6+ 38. Kd2 a3 39. Nd3+ Kd6 40. g4 Bd8 41. h5 Bg5+ 42. Kc2 gxh5 43. gxh5 f5 44. Kb3 f4 45. Ne1 d4 46. cxd4 Kd5 47. Nf3 Be7 48. h6 Bf8 49. h7 Bxh7 50. Kc3 Be4 51. Nd2 Bg2 52. Bf3+ Bxf3 53. Nxf3 Ke4 54. Nd2+ Ke3 55. Nc4+ Ke2 56. Ne5 Bd6 57. Nd3 f3 58. Nc1+ Ke3 59. Nd3 f2 60. Nxf2 Kxf2 61. Kc4 Ke3 62. Kd5 Bf8 63. Ke5 Kd3 64. d5 Kc3 65. Ke4 Bd6 66. Ke3 Kb2 67. Kd3 Kxa2 68. Kc2 Be5 69. Kc1 Kb3 70. Kb1 a2+ 71. Kc1 Kc3 0-1


[Site "https://www.chess.com"]

[Event "Titled Tuesday Blitz October 25 Early 2022"]
[White "Gorodetzky, David"]
[Black "Omelja, Artem"]
[WhiteFideId "2813416"]
[BlackFideId "14119846"]
[WhiteElo "2487"]
[BlackElo "2403"]
[Result "1-0"]
[Round "02"]
[TimeControl "180+1"]
[Date "2022.10.25"]
[WhiteClock "0:00:10"]
[BlackClock "0:00:01"]

1. e4 c5 2. Nf3 e6 3. c3 d5 4. exd5 Qxd5 5. d4 Nf6 6. Be3 cxd4 7. Bxd4 Nc6 8. Bxf6 Qxd1+ 9. Kxd1 gxf6 10. Nbd2 f5 11. Kc2 Bc5 12. Bb5 Bd7 13. Rhf1 Ke7 14. Nb3 Bb6 15. a4 Rac8 16. Rad1 a6 17. a5 Nb4+ 18. Kb1 Bxb5 19. cxb4 Bxf1 20. Rxf1 Ba7 21. Ne5 Rhd8 22. f4 f6 23. Nf3 Rc4 24. b5 axb5 25. g3 Rd3 26. Nfd2 Rc6 27. Ka2 Rc2 28. Nb1 Rxh2 29. Na3 Bd4 30. Rb1 b4 31. Nb5 Bf2 32. Rc1 Rxg3 33. Rc7+ Kd8 34. Rxb7 Be3 35. Nd6 Bc5 36. Nxc5 Rgg2 37. Nc4 1-0


[Site "https://www.chess.com"]